 Dungeon Crawl Stone Soup version 0.13.0-25-g43d4df3 (webtiles) character file.

211 Malachi the Ruinous (level 5, -2/42 HPs)
             Began as a Naga Conjurer on Oct 27, 2013.
             Slain by Crazy Yiuf
             ... wielding a +4,+2 quarterstaff of chaos
              (11 damage)
             ... on Level 3 of the Dungeon.
             The game lasted 00:07:32 (3211 turns).

Malachi the Ruinous (Naga Conjurer)                 Turns: 3211, Time: 00:07:32

HP  -2/42        AC  2     Str 10      XL: 5   Next: 11%
MP   0/8         EV 10     Int 16      God:
Gold 83          SH  0     Dex 12      Spells:  2 memorised,  4 levels left

Res.Fire  : . . .   See Invis. : +   e - +0 short sword
Res.Cold  : . . .   Warding    : .   a - +0 robe
Life Prot.: . . .   Conserve   : .   (no shield)
Res.Poison: +       Res.Corr.  : .   n - +0 cap
Res.Elec. : .       Clarity    : .   (no cloak)
Sust.Abil.: . .     Spirit.Shd : .   (no gloves)
Res.Mut.  : .       Stasis     : .   (no barding)
Res.Rott. : .       Flight     : .   d - amulet of the gourmand
Gourmand  : +                        (no ring)
                                     (no ring)

@: very slow, slightly resistant to hostile enchantments, stealthy
A: spit poison, see invisible, deformed body, poison resistance, slowness 2, AC
+1
a: Spit Poison


You were on level 3 of the Dungeon.
You were completely stuffed.

You visited 1 branch of the dungeon, and saw 3 of its levels.

You collected 63 gold pieces.

Inventory:

Hand weapons
 e - a +0,+0 short sword (weapon)
Missiles
 r - 2 throwing nets (quivered)
Armour
 a - a +0 robe (worn)
 n - a +0 cap (worn)
Comestibles
 b - a bread ration
 f - a rotting chunk of jackal flesh
 j - an apple
 k - 3 meat rations
 q - 2 chunks of gnoll flesh
Scrolls
 g - 2 scrolls of curse weapon {unknown}
 i - 5 scrolls of teleportation
 l - a scroll of identify
Jewellery
 d - an amulet of the gourmand (around neck)
Potions
 h - 2 potions of curing {unknown}
 m - a potion of agility {unknown}
 o - a potion of restore abilities {unknown}
Books
 c - a book of Conjurations

   Spells                             Type                      Level
   *Magic Dart                        Conjuration                  1
   *Searing Ray                       Conjuration                  2
   Dazzling Spray                     Conjuration/Hexes            3
   Iskenderun's Mystic Blast          Conjuration                  4
   Iskenderun's Battlesphere          Conjuration/Charms           4
   Fulminant Prism                    Conjuration/Hexes            5


   Skills:
 + Level 2.1 Dodging
 - Level 3.0 Stealth
 + Level 1.5 Spellcasting
 * Level 5.7 Conjurations


You had 4 spell levels left.
You knew the following spells:

 Your Spells              Type           Power        Failure   Level  Hunger
a - Magic Dart            Conj           ###.         1%          1    ##.....
b - Searing Ray           Conj           ###...       3%          2    ###....


Dungeon Overview and Level Annotations

Branches:
Dungeon (3/27)

Altars:

Annotations:
D:3 Crazy Yiuf


Innate Abilities, Weirdness & Mutations

You cannot wear boots.
You can spit poison.
Your serpentine skin is tough (AC +1).
You have supernaturally acute eyesight.
Armour fits poorly on your strangely shaped body.
Your system is resistant to poisons.
You cover ground very slowly.


Message History

Crazy Yiuf screams, "Proton!
Key Hive blue."
Crazy Yiuf closely misses you.
Crazy Yiuf hits you with a quarterstaff of chaos!
Crazy Yiuf freezes you.
Casting: Searing Ray
Confirm with . or Enter, or press ? or * to list all spells.
Aiming: Searing Ray
Press: ? - help, Shift-Dir - straight line, f/p - Crazy Yiuf
Aim: Crazy Yiuf, wielding a quarterstaff of chaos and wearing a cloak (severely wounded)
The searing ray hits Crazy Yiuf.
Crazy Yiuf is almost dead.
Crazy Yiuf hits you with a quarterstaff of chaos.
* * * LOW HITPOINT WARNING * * *
Crazy Yiuf's quarterstaff of chaos suddenly shrieks!
Crazy Yiuf burns you.
* * * LOW HITPOINT WARNING * * *
The searing ray hits Crazy Yiuf.
Crazy Yiuf is almost dead.
Crazy Yiuf hits you with a quarterstaff of chaos!
You die...

##...........#
##...########.#
#....# #.#
###..### #.#
♣♣..f.♣♣ #.#
♣♣..f♣♣♣ #.#
♣♣♣.♣♣♣♣ #.#
♣♣.♣♣♣♣ #)#
♣♣♣@♣♣ #.#
♣♣♣g♣♣ #.#
♣♣♣.♣ #.# ♣##.#
#.# .. #.# ..#
#.# .)# #.#####
### #####......
#....[####.


You could see Crazy Yiuf.

Vanquished Creatures
  2 gnolls
  4 adders
  A giant mite (D:2)
  A worm (D:3)
  5 giant geckos
  An ooze (D:1)
  2 ball pythons
  6 bats
  2 giant cockroaches
  3 goblins
  9 hobgoblins
  3 jackals
  8 kobolds
  6 giant newts
  7 rats
60 creatures vanquished.

Notes
Turn   | Place    | Note
--------------------------------------------------------------
     0 | D:1      | Malachi, the Naga Conjurer, began the quest for the Orb.
     0 | D:1      | Reached XP level 1. HP: 15/15 MP: 3/3
   296 | D:1      | Reached XP level 2. HP: 4/22 MP: 0/4
   860 | D:1      | Reached XP level 3. HP: 16/28 MP: 1/5
  1161 | D:1      | Reached skill level 5 in Conjurations
  1208 | D:1      | Learned a level 2 spell: Searing Ray
  1870 | D:2      | Reached XP level 4. HP: 36/36 MP: 0/7
  3055 | D:3      | Reached XP level 5. HP: 42/42 MP: 3/8
  3200 | D:3      | Noticed Crazy Yiuf
  3211 | D:3      | Slain by Crazy Yiuf

Action                   |  1- 3 |  4- 6 || total
-------------------------+-------+-------++-------
Melee: Unarmed           |     9 |       ||     9
       Short sword       |     1 |     3 ||     4
 Cast: Magic Dart        |    64 |    57 ||   121
       Searing Ray       |       |     3 ||     3
 Abil: Spit Poison       |     6 |     4 ||    10
  Use: Scroll            |     3 |     3 ||     6
